 Dungeon Crawl Stone Soup version 0.30.0-10-gfe55d96785 (webtiles) character file.

Game seed: 1271686557143908774

4047 AlmostDecent the Skirmisher (level 10, -6/63 HPs)
             Began as a Gargoyle Hunter on May 13, 2023.
             Was an Elder of Makhleb.
             Shot with an arrow by a centaur warrior (12 damage)
             ... on level 8 of the Dungeon.
             The game lasted 00:29:19 (6298 turns).

AlmostDecent the Skirmisher (Gargoyle Hunter)       Turns: 6298, Time: 00:29:19

Health: -6/63      AC: 13    Str: 21    XL:     10   Next: 24%
Magic:  10/10      EV: 13    Int:  9    God:    Makhleb [****..]
Gold:   881        SH:  0    Dex: 23    Spells: 9/9 levels left

rFire   + . .        o - +11 whip of Utwadage {freeze, rElec rF+}
rCold   + + .        (no shield)
rNeg    + . .        c - +0 leather armour
rPois   ∞            (no helmet)
rElec   +            (no cloak)
rCorr   .            e - +0 pair of gloves
SInv    .            (no boots)
Will    .....        i - amulet of regeneration
Stlth   ++           y - ring of Sunlight {rPois rC++ Str+5 Dex+6}
HPRegen 1.10/turn    q - +4 ring of slaying
MPRegen 0.12/turn

%: no passive effects
@: about to teleport
A: sickness immunity, AC +7, negative energy resistance 1, electricity
resistance, torment resistance 1, petrification resistance, iridescent scales 1
a: Renounce Religion, Minor Destruction, Lesser Servant of Makhleb, Major
Destruction


You were on level 8 of the Dungeon.
You worshipped Makhleb.
Makhleb was greatly pleased with you.
You visited 2 branches of the dungeon, and saw 9 of its levels.
You also visited: Ossuary.

You collected 1535 gold pieces.
You spent 654 gold pieces at shops.

Inventory:

Hand Weapons
 a - a +0 shortbow
 o - the +11 whip of Utwadage (weapon) {freeze, rElec rF+}
   (You found it on level 3 of the Dungeon)

   rF:        It protects you from fire.
   rElec:     It insulates you from electricity.
Missiles
 A - 2 throwing nets
Armour
 c - a +0 leather armour (worn)
 e - a +0 pair of gloves (worn)
Jewellery
 i - an amulet of regeneration (around neck)
 j - the ring "Fotaorab" {rPois rF- MP+9 Dex+6}
   (You found it on level 2 of the Dungeon)

   [ring of magical power]

   Dex:       It affects your dexterity (+6).
   rF:        It makes you vulnerable to fire.
   rPois:     It protects you from poison.
   MP:        It affects your magic capacity (+9).
 q - a +4 ring of slaying (right hand)
 u - a ring of willpower
 y - the ring of Sunlight (left hand) {rPois rC++ Str+5 Dex+6}
   (You acquired it on level 4 of the Dungeon)

   [ring of dexterity]

   Str:       It affects your strength (+5).
   Dex:       It affects your dexterity (+6).
   rC:        It greatly protects you from cold.
   rPois:     It protects you from poison.
Wands
 t - a wand of digging (8)
 w - a wand of paralysis (4)
 x - a wand of acid (3)
Scrolls
 b - 4 scrolls of immolation
 d - 5 scrolls of enchant armour
 g - 5 scrolls of teleportation
 h - a scroll of blinking
 l - a scroll of amnesia
 r - a scroll of butterflies
 s - a scroll of fear
 z - a scroll of enchant weapon
 D - a scroll of poison
Potions
 f - a potion of cancellation
 k - a potion of ambrosia
 m - a potion of haste
 n - a potion of flight
 p - a potion of heal wounds
 v - a potion of lignification {unknown}
 B - a potion of degeneration {unknown}
 C - a potion of berserk rage
 E - a potion of curing {unknown}


   Skills:
 + Level 7.1 Fighting
 + Level 1.0 Maces & Flails
 + Level 12.6 Ranged Weapons
 + Level 4.2 Armour
 + Level 2.7 Dodging
 + Level 1.9 Stealth


You had 9 spell levels left.
You didn't know any spells.
Your spell library contained the following spells:

 Spells                   Type           Power      Damage    Failure   Level
 Summon Small Mammal      Summ           0%         N/A       43%         1
 Call Canine Familiar     Summ           0%         N/A       80%         3
 Ozocubu's Armour         Ice            0%         N/A       80%         3
 Summon Guardian Golem    Hex/Summ       0%         N/A       80%         3
 Volatile Blastmotes      Fire/Tloc      0%         2d10      80%         3
 Fulminant Prism          Conj/Hex       0%         3d5       99%         4
 Iskenderun's Mystic Bla  Conj/Tloc      0%         2d3       99%         4
 Passage of Golubria      Tloc           0%         N/A       99%         4
 Blade Hands              Tmut           0%         N/A       100%        5
 Irradiate                Conj/Tmut      0%         3d11      100%        5
 Lee's Rapid Deconstruct  Erth           0%         3d4*      100%        5
 Silence                  Hex/Air        0%         N/A       100%        5
 Dragon Form              Tmut           0%         N/A       100%        7
 Ozocubu's Refrigeration  Ice            0%         4d7       100%        7
 Lehudib's Crystal Spear  Conj/Erth      0%         10d2      100%        8


Dungeon Overview and Level Annotations

Branches:
Dungeon (8/15)             Temple (1/1) D:4         Ossuary (visited)
   Lair: D:8-11

Altars:
Ashenzari
Dithmenos
Elyvilon
Fedhas
Hepliaklqana
Kikubaaqudgha
Makhleb
Nemelex Xobeh
Okawaru
Qazlal
Trog
Uskayaw
Vehumet
Xom
Yredelemnul
Zin
The Shining One

Shops:
D:4 ?   D:5 !   D:6 :


Innate Abilities, Weirdness & Mutations

You are immune to sickness and miasma.
Your stone body is resilient. (AC +7)
You are immune to poison.
You resist negative energy. (rN+)
You are resistant to electric shocks. (rElec)
You are resistant to unholy torment.
You are immune to petrification.
You are partially covered in iridescent scales. (AC +2)


Message History

No target in view!
No target in view!
No target in view!
No target in view!
The +11 whip of Utwadage {freeze, rElec rF+} glows with a cold blue light!
o - the +11 whip of Utwadage (weapon)
{freeze, rElec rF+} The shadow strikes at you from the darkness!
Reactivating autopickup.
A centaur warrior comes into view.
The centaur warrior shouts!
You whack the shadow!
The shadow is severely damaged.
The centaur warrior wields a +0 shortbow.
The centaur warrior shoots an arrow.
The arrow hits you.
The shadow slips into darkness.
The shadow flickers and vanishes!
Deactivating autopickup; reactivate with Ctrl-A.
The centaur warrior shoots an arrow.
The arrow hits you!
You hit something.
The shadow strikes at you from the darkness!
Reactivating autopickup.
The centaur warrior shoots an arrow.
The arrow hits you.
* * * LOW HITPOINT WARNING * * *
You hit the shadow.
The shadow is almost destroyed.
The centaur warrior shoots an arrow.
The arrow barely misses you. The shadow closely misses you.
The centaur warrior shoots an arrow.
The arrow hits you!
* * * LOW HITPOINT WARNING * * *
You feel much better.
The shadow slips into darkness.
The shadow flickers and vanishes!
Deactivating autopickup; reactivate with Ctrl-A.
As you read the scroll of teleportation, it crumbles to dust.
You feel strangely unstable.
The shadow strikes at you from the darkness!
* * * LOW HITPOINT WARNING * * *
Reactivating autopickup.
The centaur warrior shoots an arrow.
The arrow hits you!
You die...

#####...#############..#
♣...........♣♣ ♣♣.♣♣#..#
.###########.♣♣♣...♣#..#
.))..... +........#..#
.###########.♣♣♣...♣#..#
♣...........♣♣ ♣♣.♣♣#..#
############# #.# #..#
.♣ ♣♣.♣♣#..# .♣
♣@..♣#..# ♣
♣..W....#..########## .♣
♣.♣#♣...♣#............
.♣ ♣♣.♣♣#..########## #
## #.# #..# ♣♣♣♣. ♣ ♣c♣
#..# .♣♣.# ♣ .♣ ... #..#
♣.♣)# )♣.♣ .. #..#
♣♣..##+##..♣ #..#


You could see a centaur warrior and a shadow.

Vanquished Creatures
  An unseen horror (D:5)
  Prince Ribbit (D:5)
  Grinder (D:3)
  A yak (D:8)
  2 sky beasts (D:6)
  3 ogres (D:6)
  2 centaurs (D:8)
  2 kobold brigands (D:6)
  2 phantoms
  An elf zombie (Ossuary)
  2 gnoll sergeants (D:6)
  2 bullfrogs
  3 scorpions
  2 wights (D:8)
  2 electric eels (D:7)
  2 howler monkeys (D:8)
  9 hounds
  2 centaur zombies (Ossuary)
  4 jellies
  7 orc priests
  3 gnoll boudas (D:6)
  2 sleepcaps
  5 iguanas
  5 orc wizards
  4 hound zombies (Ossuary)
  3 mummies (Ossuary)
  9 adders
  8 gnolls
  3 shadow imps
  A white imp (D:7)
  6 adder zombies (Ossuary)
  A worm (D:4)
  2 dart slugs
  22 orcs
  7 ball pythons
  8 bats
  13 endoplasms
  4 giant cockroaches
  2 gnoll zombies (Ossuary)
  9 hobgoblins
  2 quokkas
  7 frilled lizards
  4 goblin zombies (Ossuary)
  3 hobgoblin zombies (Ossuary)
  7 jackal zombies (Ossuary)
  21 kobolds
  2 kobold zombies (Ossuary)
  An orc zombie (Ossuary)
  A quokka zombie (Ossuary)
  7 rats
  4 rat zombies (Ossuary)
227 creatures vanquished.

Vanquished Creatures (others)
  A sky beast (D:8)
  3 orcs (D:7)
4 creatures vanquished.

Grand Total: 231 creatures vanquished

Notes
Turn   | Place    | Note
-------+----------+-------------------------------------------
     0 | D:1      | AlmostDecent the Gargoyle Hunter began the quest for the
                  | Orb.
     0 | D:1      | Reached XP level 1. HP: 12/12 MP: 1/1
   142 | D:1      | Reached XP level 2. HP: 18/18 MP: 2/2
   249 | D:1      | Found a faded altar of an unknown god.
  1046 | D:2      | Reached XP level 3. HP: 22/22 MP: 3/3
  1288 | D:2      | You fall into a shaft and drop 1 floor!
  1300 | D:3      | Noticed a phantom
  1314 | D:3      | Killed a phantom
  1315 | D:3      | Reached skill level 5 in Ranged Weapons
  1315 | D:3      | Reached XP level 4. HP: 23/27 MP: 4/4
  1321 | D:3      | Reached XP level 5. HP: 29/32 MP: 5/5
  1380 | D:3      | Identified the +11 whip of Utwadage {freeze, rElec rF+}
  1407 | D:3      | Noticed Grinder
  1420 | D:3      | Paralysed by Grinder for 4 turns
  1424 | D:3      | Gained mutation: Your magical capacity is low. (-10% MP)
                  | [potion of mutation]
  1473 | D:3      | Killed Grinder
  1474 | D:3      | Reached skill level 6 in Ranged Weapons
  1474 | D:3      | Reached skill level 1 in Armour
  1474 | D:3      | Reached XP level 6. HP: 21/37 MP: 5/5
  1685 | D:2      | Identified the ring "Fotaorab" {rPois rF- MP+9 Dex+6}
  2067 | D:3      | Lost mutation: Your magical capacity is low. (-10% MP)
                  | [potion of mutation]
  2067 | D:3      | Gained mutation: You are partially covered in iridescent
                  | scales. (AC +2) [potion of mutation]
  2271 | D:3      | Found a bloodstained altar of Trog.
  2456 | D:4      | Found a staircase to the Ecumenical Temple.
  2459 | D:4      | Reached skill level 7 in Ranged Weapons
  2464 | Temple   | Entered the Ecumenical Temple
  2518 | Temple   | Became a worshipper of Makhleb the Destroyer
  2637 | D:4      | Reached XP level 7. HP: 42/42 MP: 7/7
  2642 | D:4      | Found an iron altar of Okawaru.
  2744 | D:4      | Found Gaacleg's Magic Scroll Shop.
  2926 | D:5      | Entered Level 5 of the Dungeon
  3016 | D:5      | Reached skill level 8 in Ranged Weapons
  3050 | D:5      | Killed an unseen horror
  3050 | D:5      | Reached * piety under Makhleb
  3051 | D:5      | Reached XP level 8. HP: 31/48 MP: 8/8
  3075 | D:5      | Reached skill level 5 in Fighting
  3310 | D:5      | Found a hazy altar of Hepliaklqana.
  3337 | D:5      | Found Guowkud's Distillery.
  3347 | D:5      | Noticed Prince Ribbit
  3362 | D:5      | Killed Prince Ribbit
  3363 | D:5      | Reached skill level 9 in Ranged Weapons
  3474 | D:6      | Reached skill level 1 in Maces & Flails
  3508 | D:6      | Reached XP level 9. HP: 55/55 MP: 9/9
  3542 | D:6      | Reached skill level 10 in Ranged Weapons
  3565 | D:6      | Found Vuumon's Book Emporium.
  3990 | D:6      | Reached ** piety under Makhleb
  4078 | D:6      | Reached skill level 11 in Ranged Weapons
  4742 | D:7      | Found a glowing golden altar of the Shining One.
  5439 | D:8      | Identified a scroll of acquirement
  5439 | D:8      | Acquired 973 gold pieces
  5509 | D:4      | Bought a scroll of acquirement for 572 gold pieces
  5509 | D:4      | Bought a scroll of enchant weapon for 82 gold pieces
  5511 | D:4      | Acquired the ring of Sunlight {rPois rC++ Str+5 Dex+6}
  5597 | D:8      | Found a sand-covered staircase.
  5606 | Ossuary  | Entered an ossuary
  5627 | Ossuary  | Reached *** piety under Makhleb
  5796 | Ossuary  | Reached XP level 10. HP: 61/61 MP: 10/10
  5965 | D:8      | Reached skill level 12 in Ranged Weapons
  6245 | D:8      | Reached **** piety under Makhleb
  6293 | D:8      | Noticed a centaur warrior
  6298 | D:8      | Shot with an arrow by a centaur warrior

Illustrated notes

Levels and vault maps discovered:
D:1:      dpeg_arrival_round_a, layout_basic, chequers_ecumenical_altar_twisty,
          patterned_corridor
D:2:      layout_loops_cross
D:3:      minmay_bubble_buster, layout_rooms, mainiacjoe_overflow_24_doors,
          uniq_grinder
D:4:      layout_rooms, mainiacjoe_overflow_small_starburst, temple_fountains,
          serial_shops, shop_fountains
D:5:      layout_cave_pools, mainiacjoe_overflow_alcove_2, serial_shops, shop,
          kennysheep_generic_room_3, uniq_prince_ribbit1
D:6:      kennysheep_housing_project, layout_rooms, serial_shops,
          nicolae_shop_hallway_stairs
D:7:      layout_basic, mainiacjoe_overflow_chevrons, serial_bayou,
          serial_bayou_pond_e, serial_bayou_shore_b, serial_bayou_pond_b,
          serial_bayou_shore_b, serial_bayou_pond_a
D:8:      nzn_winding_woodlands_medium [nzn_winding_woodlands_5x5_default,
          nzn_winding_woodlands_5x15_cabin,
          nzn_winding_woodlands_5x5_closed_star,
          nzn_winding_woodlands_5x5_open_star,
          nzn_winding_woodlands_center_diamonds,
          nzn_winding_woodlands_5x5_perimeter,
          nzn_winding_woodlands_5x5_default,
          nzn_winding_woodlands_5x15_longhouse,
          nzn_winding_woodlands_5x5_checkerboard], layout_basic,
          lemuel_blue_sif_altar, lightli_ossuary_entry_decrepit_ruins,
          kennysheep_generic_room_14, uniq_pikel
Temple:   cyrus_circular_temple

Skill      XL: |  1  2  3  4  5  6  7  8  9 10 |
---------------+-------------------------------+-----
Ranged Weapons | 5 6 7 8 9 11 12 | 12.6
Fighting       | 3 4 5 6 7 |  7.1
Armour         | 1 2 3 4 |  4.2
Dodging        | 2 |  2.7
Maces & Flails | 1 |  1.0
Stealth        | |  1.9

Action                     |  1- 3 |  4- 6 |  7- 9 | 10-12 || total
---------------------------+-------+-------+-------+-------++-------
  Melee: Whip              |       |       |    11 |     5 ||    16
         Punch             |       |       |     1 |       ||     1
   Fire: Shortbow          |    80 |   123 |   449 |    73 ||   725
    Use: Potion            |       |     4 |     1 |     1 ||     6
         Scroll            |       |     6 |    11 |     2 ||    19
 Armour: Leather armour    |    11 |    14 |    96 |    21 ||   142
  Dodge: Dodged            |    29 |    17 |   114 |    12 ||   172
